Map: Abyssal Reef LE

Players

Winthrowe

  • Race: Zerg Zerg
  • League: Silver
  • Spawn Location: 5:00

A.I. 1 (Very Hard) - Winner!

  • Race: Protoss Protoss
  • Spawn Location: 11:00

VOD

Have the link to the VOD?

Description

Time

  • Played on: Aug. 19, 2017, 8:37 p.m.
  • Length: 11:06
Show
View Real Time Build Order
Export as new Build Order

Winthrowe Zerg 

Build Orders: Pool First 

Get SALT Encoding   

  12  0:01  Drone  
  13  0:13  Overlord  
  13  0:17  Drone  
  14  0:31  Drone x2  
  16  0:40  Drone  
  17  0:48  Drone  
  18  0:54  Spawning Pool  
  17  0:57  Drone  
  18  1:07  Extractor, Drone  
  18  1:20  Drone  
  19  1:38  Drone  
  20  1:43  Queen  
  22  1:56  Overlord  
  22  2:02  Hatchery  
  21  2:18  Queen  
  23  2:29  Drone x3  
  26  2:33  Extractor  
  25  2:54  Queen  
  27  3:06  Drone x2  
  27  3:07  Drone  
  30  3:30  Queen  
  32  3:48  Drone x2  
  32  3:49  Drone x2  
  32  3:51  Overlord x2  
  36  4:05  Evolution Chamber  
  36  4:06  Evolution Chamber  
  36  4:07  Drone x2  
  36  4:09  Overlord  
  36  4:26  Drone x4  
  36  4:27  Drone  
  41  4:36  Lair  
  41  4:37  Roach Warren  
  40  4:39  Drone x2  
  42  4:56  Drone  
  42  4:57  Drone x4  
  47  5:01  Overlord  
  47  5:05  Overlord  
  47  5:30  Zerg Missile Weapons Level 1  
  47  5:32  Zerg Ground Armor Level 1  
  47  5:35  Glial Reconstitution, Extractor  
  46  5:40  Roach x8  
  62  5:43  Roach x2  
  62  5:47  Overlord  
  62  5:49  Overlord x3  
  66  5:50  Overlord  
  66  6:06  Roach x3  
  72  6:14  Roach x2  
  72  6:15  Roach  
  72  6:16  Roach x2  
  82  6:53  Hatchery  
  81  6:55  Roach x9  
  81  6:57  Hatchery  
  72  7:47  Roach x2  
  72  7:48  Roach x8  
  74  8:00  Roach  
  74  8:01  Roach x4  
  74  8:23  Roach  
  74  8:24  Roach x8  
  92  8:27  Zerg Missile Weapons Level 2  
  92  8:43  Zerg Ground Armor Level 2  
  92  8:47  Roach  
  94  8:48  Overlord  
  94  8:49  Overlord x9  
  94  8:58  Drone x4  
  98  9:27  Roach x4  
  98  9:28  Roach x7  
  108  9:52  Roach x7  
  106  9:53  Roach x4  
  54  10:28  Roach x11  
  59  10:43  Roach  
  59  10:44  Roach x3  
Show
View Real Time Build Order
Export as new Build Order

A.I. 1 (Very Hard) Protoss - Winner!

Build Orders: Colossus Rush 

Get SALT Encoding   

  12  0:01  Probe (Chrono Boost)  
  13  0:11  Probe (Chrono Boost)  
  14  0:19  Pylon  
  14  0:22  Probe (Chrono Boost)  
  15  0:37  Probe (Chrono Boost)  
  15  0:39  Gateway  
  16  0:47  Assimilator  
  16  0:48  Probe (Chrono Boost)  
  17  0:58  Probe (Chrono Boost)  
  17  1:00  Pylon  
  18  1:09  Probe (Chrono Boost)  
  19  1:20  Probe (Chrono Boost)  
  20  1:26  Zealot  
  20  1:29  Cybernetics Core  
  20  1:31  Probe (Chrono Boost)  
  23  1:42  Probe (Chrono Boost)  
  24  1:53  Probe (Chrono Boost)  
  25  2:01  Warp Gate  
  25  2:06  Nexus, Probe (Chrono Boost)  
  26  2:17  Probe (Chrono Boost)  
  26  2:19  Stalker  
  29  2:29  Probe (Chrono Boost)  
  30  2:33  Pylon  
  30  2:40  Probe (Chrono Boost)  
  30  2:43  Gateway  
  31  2:46  Assimilator  
  32  2:52  Adept, Probe (Chrono Boost)  
  34  3:00  Pylon  
  34  3:03  Probe (Chrono Boost)  
  35  3:15  Probe (Chrono Boost)  
  35  3:17  Adept  
  35  3:18  Probe (Chrono Boost)  
  39  3:26  Probe (Chrono Boost)  
  40  3:32  Adept, Robotics Facility  
  40  3:38  Probe (Chrono Boost)  
  40  3:40  Probe (Chrono Boost)  
  44  3:42  Adept  
  46  3:49  Probe (Chrono Boost)  
  46  3:51  Probe (Chrono Boost)  
  48  4:00  Probe (Chrono Boost)  
  48  4:02  Probe (Chrono Boost)  
  50  4:07  Adept  
  52  4:12  Probe (Chrono Boost)  
  52  4:14  Probe (Chrono Boost)  
  54  4:17  Adept  
  54  4:22  Robotics Bay  
  54  4:23  Probe (Chrono Boost)  
  58  4:24  Observer  
  58  4:25  Pylon, Probe (Chrono Boost)  
  59  4:35  Robotics Facility, Probe (Chrono Boost)  
  60  4:39  Pylon  
  60  4:42  Stalker  
  62  4:46  Stalker  
  62  4:51  Pylon  
  62  4:52  Probe (Chrono Boost)  
  65  4:54  Probe (Chrono Boost)  
  66  5:13  Gateway  
  66  5:18  Colossus  
  66  5:22  Zealot  
  66  5:23  Pylon  
  66  5:25  Zealot  
  76  5:38  Pylon  
  76  5:41  Zealot  
  78  5:43  Zealot  
  78  5:46  Probe (Chrono Boost)  
  78  5:47  Assimilator, Probe (Chrono Boost)  
  82  5:51  Twilight Council  
  82  5:53  Assimilator  
  83  5:57  Probe (Chrono Boost)  
  83  5:59  Stalker  
  85  6:06  Pylon  
  85  6:10  Probe (Chrono Boost)  
  86  6:16  Pylon, Probe (Chrono Boost)  
  87  6:20  Probe (Chrono Boost)  
  88  6:26  Probe (Chrono Boost)  
  89  6:47  Sentry, Gateway, Stalker  
  89  6:49  Zealot, Pylon  
  89  6:53  Pylon  
  95  6:59  Nexus, Pylon  
  95  7:00  Pylon  
  95  7:08  Zealot x2, Stalker  
  101  7:13  Immortal  
  105  7:22  Immortal  
  105  7:26  Zealot  
  105  7:27  Sentry  
  105  7:29  Zealot  
  101  7:40  Zealot  
  95  7:45  Stalker  
  95  7:48  Zealot  
  95  7:51  Immortal  
  95  7:56  Stalker  
  93  8:00  Zealot  
  95  8:07  Zealot  
  95  8:08  Stalker  
  95  8:12  Probe (Chrono Boost)  
  102  8:13  Probe x2 (Chrono Boost)  
  102  8:18  Stalker, Pylon  
  104  8:20  Assimilator  
  104  8:24  Probe x2 (Chrono Boost)  
  104  8:25  Pylon, Probe (Chrono Boost)  
  104  8:26  Assimilator  
  107  8:33  Sentry  
  109  8:35  Adept, Probe (Chrono Boost)  
  109  8:36  Probe (Chrono Boost)  
  109  8:37  Probe (Chrono Boost)  
  109  8:39  Forge  
  114  8:42  Gateway  
  114  8:46  Probe (Chrono Boost)  
  114  8:47  Probe (Chrono Boost), Templar Archives  
  117  8:49  Probe (Chrono Boost)  
  117  8:50  Forge  
  117  8:56  Stalker  
  117  8:57  Probe (Chrono Boost)  
  117  8:59  Probe (Chrono Boost)  
  117  9:00  Probe (Chrono Boost)  
  122  9:04  Stalker  
  122  9:05  Sentry  
  122  9:08  Adept, Probe (Chrono Boost)  
  122  9:09  Protoss Ground Weapons Level 1  
  129  9:12  Probe (Chrono Boost)  
  130  9:17  Photon Cannon  
  130  9:20  Observer, Psionic Storm  
  130  9:21  Photon Cannon  
  130  9:23  Photon Cannon  
  131  9:24  High Templar  
  131  9:26  High Templar  
  131  9:29  Photon Cannon, High Templar  
  137  9:32  Photon Cannon  
  137  9:36  Zealot, Photon Cannon  
  137  9:37  Zealot, Archon  
  111  9:54  Stalker  
  111  9:55  Sentry, High Templar  
  111  9:57  Zealot  
  113  10:00  Stalker  
  111  10:12  Photon Cannon  
  109  10:15  Warp Prism  
  109  10:16  Sentry, Zealot  
  109  10:17  Stalker  
  109  10:18  Warp Prism  
  119  10:22  High Templar  
  119  10:24  Nexus  
  119  10:26  Adept  
  123  10:35  Adept  
  125  10:38  Zealot  
  125  10:39  High Templar  
  125  10:40  Gateway  
  129  10:45  Photon Cannon  
  129  10:46  Stalker  
  129  10:47  Archon  
  129  10:53  High Templar  
  129  10:54  Zealot  
  130  10:57  Stalker  
Tags
 
League
Silver
Matchup
PvZ
Opening
Pool First
Spawn Locations
Cross Positions
Add a new tag
Caveats
  • Supply blocks, unpowered buildings, or Contaminate may cause inaccurate times.
  • Supply counts are checked every 10 seconds.